 Dungeon Crawl Stone Soup version 0.30-b1-2-g02819fbbbe (webtiles) character file.

Game seed: 12518871799729478397

11254 sanka the Nimble (level 11, -3/89 HPs)
             Began as a Vampire Warper on May 16, 2023.
             Was an Elder of Dithmenos.
             Slain by an orc warrior
             ... wielding a +0 halberd
              (4 damage)
             ... on level 11 of the Dungeon.
             The game lasted 00:26:22 (11782 turns).

sanka the Nimble (Vampire Warper)                  Turns: 11782, Time: 00:26:23

Health: -3/89      AC:  7    Str: 10    XL:     11   Next: 46%
Magic:  8/14       EV: 18    Int: 18    God:    Dithmenos [****..]
Gold:   482        SH:  0    Dex: 16    Spells: 11/14 levels left

rFire   . . .        b - +2 dagger (venom)
rCold   + . .        (no shield)
rNeg    . . .        J - +1 robe {Will+}
rPois   .            x - +2 hat
rElec   .            T - +0 cloak
rCorr   .            o - +0 pair of gloves
SInv    +            (no boots)
Will    ++...        V - amulet of faith
Stlth   +++++++      l - ring of flight
HPRegen 0.54/turn    t - ring of protection from cold
MPRegen 0.14/turn

%: faith
@: flying, healing quickly, wreathed by umbra
A: alive, fangs 3, see invisible, vampiric 2
a: Exsanguinate, Renounce Religion, Shadow Step


You were on level 11 of the Dungeon.
You worshipped Dithmenos.
Dithmenos was greatly pleased with you.
You visited 2 branches of the dungeon, and saw 12 of its levels.

You collected 814 gold pieces.
You spent 332 gold pieces at shops.

Inventory:

Hand Weapons
 a - the +4 dagger of the Unliving {protect, Will+ Str+4}
   (You found it on level 2 of the Dungeon)

   Str:       It affects your strength (+4).
   Will:      It increases your willpower.
 b - a +2 dagger of venom (weapon)
 L - a +1 morningstar of venom
Missiles
 d - 10 boomerangs of dispersal {=f}
 f - 6 throwing nets {=f}
 p - 27 poisoned darts
 H - 13 boomerangs
 Y - 2 curare-tipped darts {=f}
Armour
 o - a +0 pair of gloves (worn)
 x - a +2 hat (worn)
 J - a +1 robe of willpower (worn)
 T - a +0 cloak (worn)
Jewellery
 j - a ring of fire
 l - a ring of flight (left hand)
 q - a ring of resist corrosion
 t - a ring of protection from cold (right hand)
 O - a ring of protection from cold
 S - an amulet of guardian spirit
 V - an amulet of faith (around neck)
Wands
 D - a wand of mindburst (22)
 P - a wand of paralysis (10)
 W - a wand of iceblast (3)
 X - a wand of digging (3)
Scrolls
 c - 2 scrolls of blinking
 g - 3 scrolls of fog
 h - 2 scrolls of noise {!r}
 m - 4 scrolls of fear
 r - 3 scrolls of enchant armour
 u - 2 scrolls of amnesia
 w - 2 scrolls of poison {!r}
 I - a scroll of immolation {!r}
 K - a scroll of silence {!r}
 M - a scroll of torment {unknown}
 N - a scroll of magic mapping {unknown}
 R - 2 scrolls of brand weapon
 U - a scroll of enchant weapon {unknown}
Potions
 e - 4 potions of brilliance
 i - 3 potions of might {unknown}
 k - 2 potions of cancellation {unknown}
 n - 3 potions of resistance {unknown}
 s - 3 potions of invisibility {unknown}
 v - 3 potions of haste {@q3}
 z - 3 potions of berserk rage {unknown}
 A - a potion of magic {unknown}
 B - 2 potions of flight {unknown}
 C - 2 potions of mutation {unknown}
 E - a potion of heal wounds {@q2}
 F - 6 potions of curing {@q1}
 G - a potion of lignification {!q}
 Q - a potion of attraction {unknown}


   Skills:
 + Level 9.0 Fighting
 - Level 10.0 Short Blades
 - Level 0.7 Throwing
 - Level 0.7 Armour
 + Level 10.6 Dodging
 - Level 10.0 Stealth
 - Level 2.0 Unarmed Combat
 - Level 2.0 Spellcasting
 - Level 8.0 Hexes
 - Level 2.4 Translocations


You had 11 spell levels left.
You knew the following spells:

 Your Spells              Type           Power      Damage    Failure   Level
a - Confusing Touch       Hex            30%        N/A       1%          3

Your spell library contained the following spells:

 Spells                   Type           Power      Damage    Failure   Level
 Slow                     Hex            100%       N/A       1%          1
 Tukima's Dance           Hex            30%        N/A       1%          3
 Ensorcelled Hibernation  Hex/Ice        32%        N/A       5%          2
 Portal Projectile        Hex/Tloc       40%        N/A       6%          3
 Blink                    Tloc           20%        N/A       11%         2
 Lesser Beckoning         Tloc           20%        N/A       11%         2
 Teleport Other           Tloc           10%        N/A       21%         3
 Passwall                 Tmut/Erth      0%         N/A       26%         2
 Static Discharge         Conj/Air       2%         2-3/arc   26%         2
 Vhi's Electric Charge    Tloc/Air       12%        N/A       32%         3
 Anguish                  Hex/Necr       8%         N/A       34%         4
 Spider Form              Tmut/Pois      1%         N/A       47%         3
 Swiftness                Air            1%         N/A       47%         3
 Vampiric Draining        Necr           1%         2d6       47%         3
 Manifold Assault         Tloc           10%        N/A       56%         4
 Airstrike                Air            0%         2d(1-17)  87%         4
 Animate Dead             Necr           1%         N/A       87%         4
 Summon Lightning Spire   Summ/Air       1%         N/A       87%         4
 Blade Hands              Tmut           0%         N/A       99%         5
 Borgnjor's Vile Clutch   Necr/Erth      0%         N/A       99%         5
 Death Channel            Necr           0%         N/A       100%        6


Dungeon Overview and Level Annotations

Branches:
Dungeon (11/15)            Temple (1/1) D:4            Lair (0/5) D:8
    Orc (0/2) D:11

Altars:
Ashenzari
Cheibriados
Dithmenos
Fedhas
Gozag
Hepliaklqana
Kikubaaqudgha
Makhleb
Nemelex Xobeh
Okawaru
Qazlal
Ru
Sif Muna
Trog
Uskayaw
Vehumet
Wu Jian
Xom
Yredelemnul

Shops:
D:4 !   D:7 ==   D:9 !   D:11 [


Innate Abilities, Weirdness & Mutations

Your natural rate of healing is accelerated.
You have razor-sharp teeth.
You have supernaturally acute eyesight. (SInv)
You are afflicted with vampirism and can become a bat while bloodless.


Message History

The orc warrior hits you with a +0 short sword.
You hit the orc warrior but do no damage.
The orc warrior is lightly wounded.
Your shadow hits the orc warrior with a dagger.
You closely miss the orc warrior.
The orc warrior is lightly wounded.
Your shadow hits the orc warrior but does no damage.
The orc warrior misses you.
You hit the orc warrior but do no damage.
The orc warrior appears confused.
The orc warrior is lightly wounded.
You barely miss the orc warrior.
The orc warrior is lightly wounded.
The orc warrior hits you with a +0 short sword.
The orc warrior hits you from afar with a +0 halberd!
* * * LOW HITPOINT WARNING * * *
Casting: Confusing Touch (safe; 1% risk of failure)
Confirm with . or Enter, or press ? or * to list all spells.
Your hands begin to glow red.
The orc warrior barely misses you.
You hit the orc warrior but do no damage.
The orc warrior appears confused.
The orc warrior is lightly wounded.
You hit the orc warrior but do no damage.
The orc warrior is poisoned.
The orc warrior is lightly wounded.
The orc warrior hits you with a +0 short sword.
* * * LOW HITPOINT WARNING * * *
The orc warrior hits you from afar with a +0 halberd.
* * * LOW HITPOINT WARNING * * *
You hit the orc warrior but do no damage.
The orc warrior looks even sicker.
You bite the orc warrior.
The orc warrior is lightly wounded.
You hit the orc warrior but do no damage.
The orc warrior looks as sick as possible!
The orc warrior is lightly wounded.
The orc warrior hits you with a +0 short sword!
* * * LOW HITPOINT WARNING * * *
The orc warrior hits itself with a +0 short sword.
The orc warrior hits you from afar with a +0 halberd.
You die...

#.# #.$.∩§..# #.#
#####.......# #.#
#......$....#
..###.##...)....#
####.......###..#
#...............
#..#....# #.###
#.......###.#
#..##....oo@# #
#.#.#####
........#
##.###### #


You could see 2 orc warriors.

Vanquished Creatures
  A centaur warrior (D:10)
  A two-headed ogre (D:9)
  A cyclops (D:11)
  A gargoyle (D:10)
  A tengu conjurer (D:9)
  Grinder (D:5)
  A shadow (D:10)
  2 wyverns
  A vampire (D:10)
  3 wraiths
  A basilisk (D:11)
  Grum (D:8)
  19 yaks
  Edmund (D:6)
  Menkaure (D:7)
  A water moccasin (D:8)
  Duvessa (D:4)
  A black bear (D:7)
  An orc warrior (D:7)
  A sky beast (D:8)
  2 ice beasts (D:5)
  6 wolves (D:9)
  2 centaurs
  3 ogres (D:5)
  A phantom (D:5)
  4 kobold brigands
  A gnoll sergeant (D:9)
  3 scorpions
  8 wights
  Dowan (D:4)
  10 killer bees
  3 howler monkeys
  7 hounds
  A jelly (D:4)
  2 orc priests
  4 gnoll boudas
  2 iguanas
  A sleepcap (D:6)
  16 orc wizards
  34 gnolls
  7 adders
  4 white imps
  A worm (D:3)
  4 dart slugs (D:4)
  50 orcs
  2 ball pythons (D:3)
  6 endoplasms
  4 giant cockroaches
  9 goblins
  8 hobgoblins
  22 jackals
  2 quokkas (D:1)
  4 bats (D:2)
  A frilled lizard (D:3)
  23 kobolds
  13 rats
312 creatures vanquished.

Vanquished Creatures (others)
  A plant (D:5)
1 creature vanquished.

Grand Total: 313 creatures vanquished

Notes
Turn   | Place    | Note
-------+----------+-------------------------------------------
     0 | D:1      | sanka the Vampire Warper began the quest for the Orb.
     0 | D:1      | Reached XP level 1. HP: 16/16 MP: 3/3
   167 | D:1      | Reached XP level 2. HP: 20/22 MP: 5/5
   831 | D:2      | Reached skill level 1 in Unarmed Combat
   923 | D:2      | Gained mutation: You are afflicted with vampirism and can
                  | become a bat while bloodless. [Vampire growth]
   923 | D:2      | Reached XP level 3. HP: 17/27 MP: 6/6
  1066 | D:2      | Learned a level 3 spell: Confusing Touch
  1107 | D:2      | Reached skill level 1 in Hexes
  1217 | D:2      | Identified the +4 dagger of the Unliving {protect, Will+
                  | Str+4}
  1479 | D:2      | Reached XP level 4. HP: 29/33 MP: 7/7
  3107 | D:4      | Noticed Duvessa
  3146 | D:4      | Killed Duvessa
  3147 | D:4      | Reached XP level 5. HP: 38/38 MP: 5/8
  3161 | D:4      | Noticed Dowan
  3187 | D:4      | Killed Dowan
  3188 | D:4      | Reached XP level 6. HP: 34/44 MP: 7/9
  3244 | D:4      | Found Jarhau Liuh's Distillery.
  3253 | D:4      | Bought a potion of heal wounds for 60 gold pieces
  3253 | D:4      | Bought a potion of curing for 36 gold pieces
  3253 | D:4      | Bought a potion of lignification for 36 gold pieces
  3253 | D:4      | Bought a potion of degeneration for 12 gold pieces
  3253 | D:4      | Bought a potion of brilliance for 48 gold pieces
  3269 | D:4      | Found a staircase to the Ecumenical Temple.
  3277 | Temple   | Entered the Ecumenical Temple
  3448 | Temple   | Became a worshipper of Dithmenos the Shadowed
  3487 | D:4      | Reached skill level 1 in Stealth
  3850 | D:5      | Entered Level 5 of the Dungeon
  4086 | D:5      | Reached XP level 7. HP: 50/50 MP: 7/10
  4288 | D:5      | Reached skill level 5 in Short Blades
  4288 | D:5      | Reached skill level 5 in Stealth
  4296 | D:5      | Reached * piety under Dithmenos
  4657 | D:5      | Noticed Grinder
  4797 | D:5      | Reached XP level 8. HP: 48/56 MP: 6/11
  4806 | D:5      | Killed Grinder
  5017 | D:5      | Reached ** piety under Dithmenos
  6443 | D:6      | Reached skill level 10 in Stealth
  6522 | D:6      | Noticed Edmund
  6533 | D:6      | Killed Edmund
  7015 | D:6      | Reached XP level 9. HP: 50/61 MP: 8/12
  7395 | D:7      | Reached *** piety under Dithmenos
  7447 | D:7      | Found Tassic's Jewellery Boutique.
  7632 | D:7      | Reached skill level 10 in Short Blades
  7695 | D:7      | Found Judghuajo's Jewellery Emporium.
  8082 | D:7      | Noticed Menkaure
  8089 | D:7      | Killed Menkaure
  8573 | D:8      | Noticed Grum
  8614 | D:9      | Reached skill level 5 in Dodging
  8845 | D:8      | Killed Grum
  8849 | D:8      | Found a shimmering altar of Xom.
  8912 | D:8      | Reached XP level 10. HP: 55/73 MP: 6/13
  8916 | D:8      | Reached skill level 5 in Fighting
  9265 | D:8      | Found a staircase to the Lair.
  9943 | D:9      | Noticed a two-headed ogre
  9946 | D:9      | Killed a two-headed ogre
  9978 | D:9      | Reached **** piety under Dithmenos
 10010 | D:9      | Found Casat's Distillery.
 10135 | D:9      | Bought a potion of haste for 140 gold pieces
 10254 | D:9      | Found a shimmering blue altar of Sif Muna.
 10261 | D:9      | Found a snail-covered altar of Cheibriados.
 10264 | D:9      | Found a basalt altar of Yredelemnul.
 10264 | D:9      | Found an iron altar of Okawaru.
 10552 | D:9      | Reached XP level 11. HP: 51/85 MP: 6/14
 10784 | D:10     | Entered Level 10 of the Dungeon
 11325 | D:10     | Noticed a centaur warrior
 11327 | D:10     | Killed a centaur warrior
 11328 | D:10     | Reached skill level 10 in Dodging
 11711 | D:11     | Found a shadowy altar of Dithmenos.
 11735 | D:11     | Found a staircase to the Orcish Mines.
 11737 | D:11     | Found Etooduan's Armour Boutique.
 11738 | D:11     | HP: 2/89 [barbs]
 11763 | D:11     | HP: 4/89 [orc warrior/+0 short sword (6)]
 11782 | D:11     | HP: 1/89 [orc warrior/+0 short sword (11)]
 11782 | D:11     | Slain by an orc warrior

Illustrated notes

Levels and vault maps discovered:
D:1:      onia_arrival_pentagram, layout_basic, serial_forest,
          infiniplex_forest_clump_double, infiniplex_forest_clump_tiny,
          infiniplex_forest_zigzag_2, infiniplex_forest_zigzag_2,
          infiniplex_forest_lined_1, infiniplex_forest_3_way,
          infiniplex_forest_straight_5, infiniplex_forest_lined_4_way,
          infiniplex_forest_end_2
D:2:      layout_basic, chequers_serial_rivers_micro_b, eino_tiny_chamber,
          uniq_crazy_yiuf_cottage
D:3:      layout_basic, kennysheep_decorative_pillar
D:4:      layout_loops_cross, minmay_temple_entry_ruins, serial_shops, shop,
          minmay_curled_crystal, uniq_duvessa
D:5:      lemuel_castle_with_subvaults [lemuel_castle_interior_carwin_1],
          layout_basic, uniq_grinder
D:6:      layout_cave_pods, moated_statue, uniq_edmund
D:7:      layout_loops_cross, serial_rivers, chequers_serial_rivers_small_a,
          chequers_serial_rivers_micro_b, chequers_serial_rivers_marsh,
          chequers_serial_rivers_room_a, serial_shops, nicolae_take_the_stairs,
          nicolae_stop_n_shop_1, uniq_menkaure
D:8:      layout_basic, xom_butterflies, lair_entry_dummy, uniq_grum
D:9:      layout_cave_pools, minitemple, serial_gnoll_camp,
          gnoll_camp_medium_02, gnoll_camp_mini_hut, gnoll_camp_mini_doghouse,
          gnoll_camp_mini_shop, gnoll_camp_mini_doghouse
D:10:     layout_roguey, hex_medium, hellmonk_bongcloud_opening
D:11:     lemuel_ogre_cave, layout_loops_cross, orc_david_3,
          grunt_dithmenos_smoke
Temple:   regret_index_temple_sphere_string

Skill      XL: |  1  2  3  4  5  6  7  8  9 10 11 |
---------------+----------------------------------+-----
Fighting       | 2 4 7 9 |  9.0
Short Blades   | 3 4 6 8 10 | 10.0
Unarmed Combat | 1 2 |  2.0
Hexes          | 3 6 7 8 |  8.0
Stealth        | 3 6 10 | 10.0
Dodging        | 5 9 10 | 10.6
Throwing       | |  0.7
Armour         | |  0.7
Spellcasting   | |  2.0
Translocations | |  2.4

Action                     |  1- 3 |  4- 6 |  7- 9 | 10-12 || total
---------------------------+-------+-------+-------+-------++-------
  Melee: Short sword       |   119 |       |       |       ||   119
         Bite              |    19 |    24 |    67 |    72 ||   182
         Punch             |     4 |     4 |    15 |    10 ||    33
         Dagger            |    41 |   185 |   582 |   466 ||  1274
  Throw: Dart              |       |     4 |       |       ||     4
   Cast: Confusing Touch   |       |    15 |    71 |    30 ||   116
 Invoke: Shadow Step       |       |       |       |     3 ||     3
    Use: Potion            |       |       |     1 |     2 ||     3
         Scroll            |       |       |       |    13 ||    13
   Stab: Confused          |       |    11 |    51 |    29 ||    91
         Sleeping          |       |     1 |    13 |    21 ||    35
 Armour: Leather armour    |    42 |    68 |    70 |       ||   180
         Robe              |       |       |    40 |    40 ||    80
  Dodge: Dodged            |    81 |   106 |   282 |   258 ||   727
